 Dungeon Crawl Stone Soup version 0.19-a0-872-g3103843 (webtiles) character file.

134 Domino the Ducker (level 4, 22/22 HPs)
             Began as a Felid Skald on July 3, 2016.
             Quit the game on level 4 of the Dungeon.
             The game lasted 00:14:52 (3110 turns).

Domino the Ducker (Felid Skald)                     Turns: 3110, Time: 00:14:52

Health: 22/22      AC:  1    Str:  8    XL:     4   Next: 95%
Magic:  8/8        EV: 21    Int: 14    God:
Gold:   108        SH:  0    Dex: 16    Spells: 1 memorised, 6 levels left
                                        Lives:  0   Deaths: 1

rFire  . . .     SeeInvis +       - Unarmed
rCold  + . .     Gourm    .     (armour unavailable)
rNeg   . . .     Faith    .     (shield unavailable)
rPois  .         Spirit   .     (helmet unavailable)
rElec  .         Dismiss  .     (cloak unavailable)
rCorr  .         Reflect  .     (gloves unavailable)
SustAt .         Harm     .     (boots unavailable)
MR     .....                    (no amulet)
Stlth  ++........               (no ring)
                                l - ring of protection from cold

@: quick, not resistant to hostile enchantments, unstealthy
A: no armour, no weapons or thrown items, claws 1, fangs 3, see invisible,
carnivore 3, speed 1, shaggy fur 1, slow metabolism 1, sharp paws
a: no special abilities


You were on level 4 of the Dungeon.
You were not hungry.

You visited 1 branch of the dungeon, and saw 3 of its levels.

You collected 108 gold pieces.

Inventory:

Jewellery
 l - a ring of protection from cold (left paw)
Potions
 e - 2 potions of degeneration
Books
 a - a book of Battle

   Spells                             Type                      Level
   a - Infusion                       Charms                       1
   b - Shroud of Golubria             Charms/Translocation         2
   c - Song of Slaying                Charms                       2
   d - Spectral Weapon                Hexes/Charms                 3
   e - Regeneration                   Charms/Necromancy            3
Comestibles
 b - 3 meat rations


   Skills:
 + Level 4.5 Fighting
 - Level 5.7 Dodging
 * Level 2.2 Unarmed Combat
 - Level 2.0 Spellcasting
 - Level 3.6 Charms


You had 6 spell levels left.
You knew the following spells:

 Your Spells              Type           Power        Failure   Level  Hunger
a - Infusion              Chrm           ##..         6%          1    ##.....


Dungeon Overview and Level Annotations

Branches:
Dungeon (2/15)

Altars:
Cheibriados

Annotations:
D:2 Natasha
D:4 Grinder


Innate Abilities, Weirdness & Mutations

You cannot wear armour.
You are incapable of wielding weapons or throwing items.
You have sharp claws.
You have razor-sharp teeth.
You have supernaturally acute eyesight. (SInv)
You are carnivorous and can eat meat at any time.
You cover ground quickly.
You are covered in fur. (AC +1)
You have a slow metabolism.
Your sharp claws are effective at attacking unaware monsters.


Message History

Nothing appears to happen.
Grinder gestures at you. Pain shoots through your body!
* * * LOW HITPOINT WARNING * * *
You scratch Grinder.
Grinder is moderately wounded.
Grinder hits you.
* * * LOW HITPOINT WARNING * * *
You writhe in agony. x2
Unknown command.
You closely miss Grinder.
Grinder is moderately wounded.
Grinder hits you.
You die...
You writhe in agony.
You are now level 4!
You rejoin the land of the living...
You can't grasp things well enough to throw them.
Unknown command.
Are you sure you want to abandon this character and quit the game? (Confirm with "yes".)

######..#.#.#.#.#
..........#.#.#.#
######..###s#.#.#
#.......#.#.#.####
#.###.#.#........#
#.#...#.###)#....#
#....>......###############
#
###...#.###...............#
s #.#.....#.#
#@############.##
...#.#....(#.# #.# #.#
...........#.# #.# #.#
#.#..#..#.# #.# #.#
#.#.....#.# #.# #.#
####+#.##..#. #.# #.#
#..........#. #.# #.#
#......#####. #.# #.#
#..........#5###.# #.#


There were no monsters in sight!

Vanquished Creatures
  A water moccasin (D:4)
  4 hounds (D:4)
  An adder (D:2)
  2 dart slugs
  2 bats (D:1)
  9 goblins
  5 hobgoblins
  2 ball pythons
  2 giant newts
  2 kobolds (D:1)
  4 rats (D:1)
34 creatures vanquished.

Notes
Turn   | Place    | Note
-------+----------+-------------------------------------------
     0 | D:1      | Domino the Felid Skald began the quest for the Orb.
     0 | D:1      | Reached XP level 1. HP: 9/9 MP: 4/4
   498 | D:1      | Reached XP level 2. HP: 9/13 MP: 6/6
  1584 | D:1      | Reached skill level 3 in Dodging
  1873 | D:2      | Reached XP level 3. HP: 17/17 MP: 4/7
  2006 | D:2      | Noticed Natasha
  2359 | D:2      | You fall through a shaft for 2 floors!
  2388 | D:4      | Found a snail-covered altar of Cheibriados.
  2442 | D:4      | Reached XP level 4. HP: 20/21 MP: 4/8
  2490 | D:4      | Noticed a water moccasin
  2531 | D:4      | Killed a water moccasin
  2531 | D:4      | Reached skill level 5 in Dodging
  2531 | D:4      | Reached XP level 5. HP: 25/25 MP: 4/9
  3103 | D:4      | Noticed Grinder
  3108 | D:4      | HP: 1/25 [Grinder (3)]
  3109 | D:4      | Slain by Grinder
  3110 | D:4      | Reached XP level 4. HP: -4/22 MP: 8/8
  3110 | D:4      | Quit the game

Vault maps used:
D:1:      dpeg_arrival_connections, minmay_misc_feat_more_columns
D:2:      kennysheep_big_flooded_room, uniq_natasha
D:4:      lemuel_crystal_altar, uniq_robin, uniq_grinder, uniq_sigmund

Skill      XL: |  1  2  3  4 |
---------------+-------------+-----
Fighting       | 3 4 |  4.5
Dodging        | 3 5 |  5.7
Unarmed Combat | |  2.2
Spellcasting   | |  2.0
Charms         | |  3.6

Action                   |  1- 3 |  4- 6 || total
-------------------------+-------+-------++-------
Melee: Unarmed           |    89 |    30 ||   119
       Bite              |     5 |     4 ||     9
       Punch             |     1 |     1 ||     2
 Cast: Infusion          |    17 |     4 ||    21
  Use: Scroll            |       |     8 ||     8
       Potion            |       |     1 ||     1
 Stab: Sleeping          |     1 |     3 ||     4
       Invisible         |       |     2 ||     2
  Eat: Chunk             |     8 |     3 ||    11
Armor: Skin              |    14 |       ||    14
Dodge: Dodged            |   106 |    24 ||   130
